 Dungeon Crawl Stone Soup version 0.25.1-2-g60ff931df9 (webtiles) character file.

Game seed: 10804660443030506147

277 Morbidden the Shield-Bearer (level 6, -2/32 HPs)
             Began as a Vine Stalker Fighter on Aug 5, 2020.
             Slain by an iguana (5 damage)
             ... on level 6 of the Dungeon.
             The game lasted 00:04:37 (2894 turns).

Morbidden the Shield-Bearer (Vine Stalker Fighter)  Turns: 2894, Time: 00:04:38

Health: -2/32      AC:  6    Str: 21    XL:     6   Next: 25%
Magic:  0/9        EV:  4    Int: 14    God:
Gold:   218        SH:  0    Dex: 13    Spells: 8/8 levels left

rFire    . . .     SeeInvis .   a - +0 long sword
rCold    . . .     Gourm    .   c - +0 kite shield
rNeg     . . .     Faith    .   b - +0 scale mail
rPois    .         Spirit   +   (no helmet)
rElec    .         Reflect  .   (no cloak)
rCorr    +         Harm     .   (no gloves)
MR       .....                  (no boots)
Stlth    ..........             (no amulet)
HPRegen  0.50/turn              l - +6 ring of intelligence
MPRegen  0.11/turn              h - ring of resist corrosion

@: held
A: fangs 2, regeneration 1, magic shield, antimagic bite, no potion heal 3, rot
immunity
a: no special abilities


You were on level 6 of the Dungeon.
You were not hungry.

You visited 1 branch of the dungeon, and saw 4 of its levels.

You collected 218 gold pieces.

Inventory:

Hand Weapons
 a - a +0 long sword (weapon)
Armour
 b - a +0 scale mail (worn)
 c - a +0 kite shield (worn)
Jewellery
 h - a ring of resist corrosion (right hand)
 l - a +6 ring of intelligence (left hand)
 q - an uncursed ring of ice
Scrolls
 g - 2 scrolls of identify
 j - 2 scrolls of enchant armour {unknown}
 k - 2 scrolls of fear {unknown}
 n - a scroll of immolation {unknown}
 r - a scroll of magic mapping {unknown}
 t - a scroll of blinking {unknown}
Potions
 d - a potion of might
 e - a potion of resistance {unknown}
 i - 2 potions of curing {unknown}
 m - a potion of haste {unknown}
 o - 2 potions of brilliance {unknown}
 p - a potion of heal wounds {unknown}
Comestibles
 f - 4 rations
 s - 4 chunks of flesh


   Skills:
 * Level 3.4 Fighting
 + Level 2.9 Long Blades
 + Level 2.9 Armour
 * Level 2.1 Dodging
 + Level 3.5 Shields
 * Level 1.8 Spellcasting


You had 8 spell levels left.
You didn't know any spells.
Your spell library was empty.

Dungeon Overview and Level Annotations

Branches:
Dungeon (3/15)

Altars:
Elyvilon
Ru
Vehumet
Wu Jian
Yredelemnul


Innate Abilities, Weirdness & Mutations

You have extremely sharp teeth.
Your natural rate of healing is unusually fast.
When hurt, damage is shared between your health and your magic reserves.
Your bite disrupts and absorbs the magic of your enemies.
Potions cannot restore your health.
You are immune to rotting.


Message History

The iguana hisses angrily.
A gnoll comes into view. It is wielding a +0 club.
A gnoll comes into view. It is wielding a +0 spear.
The gnoll shouts!
An ooze comes into view.
You block the gnoll's attack. You block the iguana's attack.
The gnoll hits you but does no damage.
The ooze quivers.
The gnoll hits you from afar with a +0 spear.
The iguana bites you!
The gnoll throws a throwing net.
The throwing net hits you.
You become entangled in the net!
You see here a throwing net.
You struggle against the net.
The iguana bites you!
* * * LOW HITPOINT WARNING * * *
The gnoll sergeant hits you from afar with a +0 spear.
* * * LOW HITPOINT WARNING * * *
The gnoll hits you but does no damage.
You struggle against the net.
The iguana bites you!
You die...

.########.#.#
...$....#.#.##
......#.#..
####.......####
.=.............
#.รท.#.#########
#<..#...#......
#.#J......##..
#.#.@l........
#.#.g.....#....
..#.g.gg..# ...
#########.......#
## #...g.#
#.#####.#
#g###.###.# #.# #
#.# #.....# #g# #
#.########### #g#
#
#...........###.#
#


You could see a gnoll sergeant, an iguana, 3 gnolls and an ooze.

Vanquished Creatures
  A howler monkey (D:6)
  A bullfrog zombie (D:6)
  2 bullfrog skeletons
  Terence (D:3)
  A hound skeleton (D:3)
  A gnoll (D:1)
  4 adders
  5 leopard geckos
  3 orcs (D:3)
  A giant cockroach (D:2)
  3 goblins (D:1)
  6 hobgoblins
  6 jackals
  5 kobolds
  2 quokkas
  10 bats
  3 frilled lizards
  A leopard gecko zombie (D:6)
  8 rats
64 creatures vanquished.

Notes
Turn   | Place    | Note
-------+----------+-------------------------------------------
     0 | D:1      | Morbidden the Vine Stalker Fighter began the quest for the
                  | Orb.
     0 | D:1      | Reached XP level 1. HP: 11/11 MP: 2/2
   246 | D:1      | Reached XP level 2. HP: 6/16 MP: 3/3
   786 | D:1      | Reached XP level 3. HP: 19/19 MP: 4/4
  1466 | D:2      | Reached skill level 1 in Spellcasting
  1755 | D:2      | Gained mutation: Your natural rate of healing is unusually
                  | fast. [Vine Stalker growth]
  1755 | D:2      | Reached XP level 4. HP: 22/24 MP: 3/6
  1854 | D:2      | Found a basalt altar of Yredelemnul.
  2198 | D:3      | Found a sacrificial altar of Ru.
  2329 | D:3      | Noticed Terence
  2339 | D:3      | Killed Terence
  2339 | D:3      | Reached skill level 1 in Dodging
  2339 | D:3      | Reached XP level 5. HP: 14/28 MP: 3/8
  2618 | D:3      | Found a white marble altar of Elyvilon.
  2618 | D:3      | Found an ornate altar of the Wu Jian Council.
  2618 | D:3      | Found a radiant altar of Vehumet.
  2664 | D:3      | You fall into a shaft and drop 3 floors!
  2823 | D:6      | Reached XP level 6. HP: 30/32 MP: 9/9
  2894 | D:6      | Slain by an iguana

Illustrated notes

Levels and vault maps discovered:
D:1:      nicolae_arrival_somewhat_less_tricky_arrival, layout_rooms
D:2:      wad_lake_hut, layout_loops_ring, lemuel_coloured_pillars_altar
D:3:      layout_basic, nicolae_ru_sacrificial_ziggurat,
          gammafunk_temple_overflow_claw, uniq_terence
D:6:      layout_basic

Skill      XL: |  1  2  3  4  5 |
---------------+----------------+-----
Long Blades    | 2 |  2.9
Shields        | 3 |  3.5
Fighting       | 3 |  3.4
Spellcasting   | 1 |  1.8
Dodging        | 1 2 |  2.1
Armour         | |  2.9

Action                   |  1- 3 |  4- 6 || total
-------------------------+-------+-------++-------
Melee: Long sword        |   112 |   107 ||   219
       Bite              |    33 |    49 ||    82
  Use: Scroll            |     1 |     1 ||     2
  Eat: Chunk             |     3 |     4 ||     7
Armor: Scale mail        |    76 |    57 ||   133
Dodge: Dodged            |    61 |    40 ||   101
Block: Kite shield       |   100 |    71 ||   171
       Rpst.: Long sword |    15 |     7 ||    22
